Nordiques vs Jets
Created - November 6, 2018 at 19:15
Goals
|
| Nordiques |
2 |
0 |
1 |
3 |
| Jets |
1 |
4 |
0 |
5 |
|
Shots
|
| Nordiques |
14 |
15 |
9 |
38 |
| Jets |
7 |
26 |
7 |
40 |
|
1st period
1. Nordiques , Mike Fisher 2 (Fedor Tyutin 4, Ryan Ellis 10) at 10:10
2. Nordiques , Simon Gagné 8 (Marc Savard 13, Vladimir Tarasenko 7) at 10:28
3. Jets , Tyler Myers 1 (Derek Roy 3, Benoit Pouliot 7) at 15:46
Penalties :
Dustin Brown (Win) for Hooking (Minor) at 10:51
2nd period
4. Jets , Shea Weber 1 (Devin Setoguchi 2, Derek Stepan 8) at 3:38
5. Jets , Benoit Pouliot 4 (Derek Roy 4) at 4:46
6. Jets , Dustin Brown 3 (Derek Roy 5) at 9:49
7. Jets , Benoit Pouliot 5 (Marcus Johansson 1, Jacob Trouba 1) at 19:02
Penalties :
Marco Scandella (Win) for Boarding (Minor) at 19:24
3rd period
8. Nordiques , Vladimir Tarasenko 9 (Fedor Tyutin 5) at 4:50
Penalties :
Derek Stepan (Win) for High sticking (Minor) at 5:12, Ryan Ellis (Que) for Tripping (Minor) at 16:56
Goalie Stats
Jonathan Quick (Que), 35 saves from 40 shots - (0.875), L, 5-4-1, 60:00 minutes
Kari Lehtonen (Win), 35 saves from 38 shots - (0.921), W, 3-1-0, 60:00 minutes
Players Stats for Nordiques
Player Name G A P +/- PIM S H SB GA TA FO MP PP MP PK MP
------------------------------------------------------------------------------------
Chris Drury 0 0 0 0 0 3 2 1 0 0 5/8 10:58 0:00 0:27
David Legwand 0 0 0 -2 0 5 3 0 0 0 6/12 16:12 2:49 0:18
Dustin Byfuglien 0 0 0 0 0 3 2 1 0 0 0/0 14:16 0:00 0:57
Fedor Tyutin 0 2 2 1 0 0 4 5 0 0 0/0 28:25 3:46 1:28
Jean-Pierre Dumont 0 0 0 -2 0 3 0 0 0 0 0/0 16:23 2:49 0:00
Kyle Calder 0 0 0 1 0 2 1 1 1 0 0/0 10:24 0:00 0:24
Marc Savard 0 1 1 -1 0 2 1 2 0 0 21/32 22:51 3:08 1:15
Mark Eaton 0 0 0 -3 0 3 0 0 0 0 0/0 19:20 2:11 1:02
Martin St. Louis 0 0 0 0 0 1 0 0 1 0 0/0 10:37 0:00 0:00
Matt Irwin 0 0 0 0 0 0 1 1 0 1 0/0 12:46 0:00 0:00
Matt Moulson 0 0 0 0 0 1 0 0 0 0 0/0 10:10 0:00 0:00
Michael Ryder 0 0 0 1 0 1 2 0 0 0 0/0 9:36 0:00 0:00
Mike Fisher 1 0 1 1 0 1 0 0 0 0 1/2 9:36 0:00 0:00
R.J. Umberger 0 0 0 -2 0 2 0 0 0 2 0/0 16:14 2:49 0:20
Ryan Ellis 0 1 1 1 2 1 0 2 0 1 0/0 26:34 3:46 0:00
Simon Gagné 1 0 1 -1 0 5 1 1 0 0 0/2 21:57 3:08 0:00
T.J. Fast 0 0 0 -3 0 0 2 1 0 0 0/0 18:49 2:11 0:31
Vladimir Tarasenko 1 1 2 -1 0 5 0 0 0 1 1/4 22:52 3:08 1:14
Players Stats for Jets
Player Name G A P +/- PIM S H SB GA TA FO MP PP MP PK MP
------------------------------------------------------------------------------------
Anton Volchenkov 0 0 0 0 0 2 0 2 0 0 0/0 22:25 1:25 4:31
Benoit Pouliot 2 1 3 4 0 4 1 0 0 0 0/0 16:32 1:11 2:06
Derek Roy 0 3 3 4 0 0 2 1 0 0 9/21 20:52 0:48 2:35
Derek Stepan 0 1 1 -1 2 5 1 0 0 0 12/28 20:58 1:11 0:10
Devin Setoguchi 0 1 1 -1 0 4 3 0 0 0 1/2 19:55 1:11 0:00
Dustin Brown 1 0 1 4 2 2 1 2 1 0 0/0 14:06 0:48 0:06
Eric Gelinas 0 0 0 1 0 1 1 0 0 0 0/0 14:22 0:34 0:21
Erik Haula 0 0 0 -1 0 2 1 0 2 1 0/0 17:52 0:00 3:21
Fredrik Sjostrom 0 0 0 0 0 0 0 0 0 0 1/1 5:54 0:00 0:00
Jacob Trouba 0 1 1 0 0 0 0 0 0 1 0/0 15:35 0:00 1:40
Joe Colborne 0 0 0 -1 0 3 2 0 1 0 3/8 17:35 0:00 3:15
Josh Bailey 0 0 0 0 0 1 0 0 0 0 0/0 5:54 0:00 0:00
Lee Stempniak 0 0 0 -1 0 3 1 0 0 0 0/0 13:55 0:00 0:00
Marco Scandella 0 0 0 1 2 2 0 2 0 0 0/0 23:32 0:34 1:12
Marcus Johansson 0 1 1 -1 0 3 6 2 0 0 0/0 19:49 0:48 0:14
Shea Weber 1 0 1 2 0 4 0 1 1 0 0/0 25:17 1:25 2:57
Tomas Kundratek 0 0 0 0 0 3 1 0 0 0 0/0 9:23 0:00 0:00
Tyler Myers 1 0 1 0 0 1 1 2 0 0 0/0 10:04 0:00 1:20
3 Stars
1 - Benoit Pouliot (Win)
2 - Derek Roy (Win)
3 - Dustin Brown (Win)
Power Play
Nordiques - 0 on 3 Attempt(s) - 0.00%
Jets - 0 on 1 Attempt(s) - 0.00%
Penalty Kill
Nordiques - 1 on 1 Attempt(s) - 100.00%
- Score 0 goal in Penalty Kill
Jets - 3 on 3 Attempt(s) - 100.00%
- Score 0 goal in Penalty Kill
Team Stat
Nordiques - Hits : 19 - Faceoff Wins : 34 - Blocked Shots : 15 - Penalty Minutes : 2
Jets - Hits : 21 - Faceoff Wins : 26 - Blocked Shots : 12 - Penalty Minutes : 6
Official
Referees : Unknown
Linesman : Unknown
Game Notes
Tyler Myers is injured at 2:32 of 2nd period (Broken Bone (Left Leg))
Finance
Level 1 -- Attendance: 6000 (100.00%) -- Ticket Income $468,000
Level 2 -- Attendance: 4763 (95.26%) -- Ticket Income $247,676
Level 3 -- Attendance: 1786 (89.30%) -- Ticket Income $55,366
Level 4 -- Attendance: 2892 (72.30%) -- Ticket Income $80,976
Luxury Box -- Attendance: 853 (85.30%) -- Ticket Income $132,215
Game was played at the MTS Center.
Total Attendance: 16294 (90.52%)
Total Ticket Income: $984,233
Other Income: $147,635
Total Income: $1,131,868
Nordiques
5 vs 5 Forward
Center Left Wing Right Wing Time % Phy DF OF
1 Marc Savard Simon Gagné Vladimir Tarasenko 40 0 1 4
2 David Legwand R.J. Umberger Jean-Pierre Dumont 30 1 1 3
3 Chris Drury Matt Moulson Martin St. Louis 20 1 2 2
4 Mike Fisher Kyle Calder Michael Ryder 10 2 2 1
5 vs 5 Defense
Defense Defense Time % Phy DF OF
1 Fedor Tyutin Ryan Ellis 40 1 3 1
2 Mark Eaton T.J. Fast 30 1 3 1
3 Dustin Byfuglien Matt Irwin 20 1 3 1
4 Fedor Tyutin Ryan Ellis 10 1 3 1
PowerPlay Forward
Center Left Wing Right Wing Time % Phy DF OF
1 Marc Savard Simon Gagné Vladimir Tarasenko 60 0 0 5
2 David Legwand R.J. Umberger Jean-Pierre Dumont 40 0 0 5
PowerPlay Defense
Defense Defense Time % Phy DF OF
1 Fedor Tyutin Ryan Ellis 60 0 2 3
2 Mark Eaton T.J. Fast 40 0 2 3
Penalty Kill 4 Players Forward
Center Wing Time % Phy DF OF
1 Marc Savard Vladimir Tarasenko 60 1 4 0
2 David Legwand Chris Drury 40 1 4 0
Penalty Kill 4 Players Defense
Defense Defense Time % Phy DF OF
1 Fedor Tyutin Ryan Ellis 60 1 4 0
2 Mark Eaton T.J. Fast 40 1 4 0
Penalty Kill - 3 Players Forward
Forward Time % Phy DF OF
1 Marc Savard 60 0 5 0
2 Vladimir Tarasenko 40 0 5 0
Penalty Kill - 3 Players Defense
Defense Defense Time % Phy DF OF
1 Fedor Tyutin Ryan Ellis 60 1 4 0
2 Mark Eaton T.J. Fast 40 1 4 0
4 vs 4 Forward
Center Wing Time % Phy DF OF
1 Marc Savard Vladimir Tarasenko 60 0 1 4
2 David Legwand Chris Drury 40 0 1 4
4 vs 4 Defense
Defense Defense Time % Phy DF OF
1 Fedor Tyutin Ryan Ellis 60 1 4 0
2 Mark Eaton T.J. Fast 40 1 4 0
Last Minutes Offensive
Center Left Wing Right Wing Defense Defense
Marc Savard Simon Gagné Vladimir Tarasenko Fedor Tyutin Ryan Ellis
Last Minutes Defensive
Center Left Wing Right Wing Defense Defense
Marc Savard Simon Gagné Vladimir Tarasenko Fedor Tyutin Ryan Ellis
Goaltenders
Starting : Jonathan Quick
Backup : Philipp Grubauer
Extra Forwards
Normal : Vladimir Tarasenko, Martin St. Louis, Chris Drury - PP : Vladimir Tarasenko, Martin St. Louis - PK : R.J. Umberger
Extra Defensemen
Normal : Ryan Ellis, Fedor Tyutin, Dustin Byfuglien - PP : Ryan Ellis - PK : Mark Eaton, Fedor Tyutin
Penalty Shots
Marc Savard, Vladimir Tarasenko, David Legwand, Chris Drury, Simon Gagné
Scratches
Paul Gaustad (Healthy), Nikolai Kulemin (Healthy), Julien Ellis (Healthy)
Jets
5 vs 5 Forward
Center Left Wing Right Wing Time % Phy DF OF
1 Derek Stepan Marcus Johansson Devin Setoguchi 40 1 2 2
2 Derek Roy Benoit Pouliot Dustin Brown 30 1 2 2
3 Joe Colborne Erik Haula Lee Stempniak 20 1 2 2
4 Derek Roy Fredrik Sjostrom Josh Bailey 10 1 2 2
5 vs 5 Defense
Defense Defense Time % Phy DF OF
1 Tyler Myers Shea Weber 40 2 2 1
2 Marco Scandella Anton Volchenkov 30 2 2 1
3 Eric Gelinas Jacob Trouba 20 1 3 1
4 Tyler Myers Tomas Kundratek 10 1 2 2
PowerPlay Forward
Center Left Wing Right Wing Time % Phy DF OF
1 Derek Stepan Benoit Pouliot Devin Setoguchi 60 1 1 3
2 Derek Roy Marcus Johansson Dustin Brown 40 1 2 2
PowerPlay Defense
Defense Defense Time % Phy DF OF
1 Shea Weber Tyler Myers 60 1 1 3
2 Marco Scandella Eric Gelinas 40 1 1 3
Penalty Kill 4 Players Forward
Center Wing Time % Phy DF OF
1 Joe Colborne Erik Haula 60 1 3 1
2 Joe Colborne Dustin Brown 40 1 3 1
Penalty Kill 4 Players Defense
Defense Defense Time % Phy DF OF
1 Anton Volchenkov Tyler Myers 60 1 3 1
2 Marco Scandella Shea Weber 40 1 3 1
Penalty Kill - 3 Players Forward
Forward Time % Phy DF OF
1 Erik Haula 60 1 2 2
2 Joe Colborne 40 1 2 2
Penalty Kill - 3 Players Defense
Defense Defense Time % Phy DF OF
1 Anton Volchenkov Tyler Myers 60 1 2 2
2 Marco Scandella Shea Weber 40 1 2 2
4 vs 4 Forward
Center Wing Time % Phy DF OF
1 Derek Stepan Benoit Pouliot 60 1 2 2
2 Derek Roy Devin Setoguchi 40 1 2 2
4 vs 4 Defense
Defense Defense Time % Phy DF OF
1 Tyler Myers Marco Scandella 60 1 2 2
2 Jacob Trouba Shea Weber 40 1 2 2
Last Minutes Offensive
Center Left Wing Right Wing Defense Defense
Derek Roy Benoit Pouliot Devin Setoguchi Shea Weber Marco Scandella
Last Minutes Defensive
Center Left Wing Right Wing Defense Defense
Derek Roy Erik Haula Dustin Brown Tyler Myers Anton Volchenkov
Goaltenders
Starting : Kari Lehtonen
Backup : Jacob Markstrom
Extra Forwards
Normal : Benoit Pouliot, Devin Setoguchi, Derek Roy - PP : Benoit Pouliot, Devin Setoguchi - PK : Derek Roy
Extra Defensemen
Normal : Shea Weber, Tyler Myers, Marco Scandella - PP : Shea Weber - PK : Anton Volchenkov, Shea Weber
Penalty Shots
Benoit Pouliot, Devin Setoguchi, Shea Weber, Lee Stempniak, Derek Roy
Scratches
James Wright (Healthy)
% Time on Ice - Nordiques
Lines # - Real PCT - Wanted PCT - Time Play
Normal Forward
1 - 37% - 40% - 19:13
2 - 25% - 30% - 13:05
3 - 20% - 20% - 10:10
4 - 18% - 10% - 9:36
Normal Defense
1 - 39% - 40% - 20:11
2 - 31% - 30% - 16:07
3 - 25% - 20% - 12:46
4 - 6% - 10% - 3:00
PP Forward
1 - 53% - 60% - 3:08
2 - 47% - 40% - 2:49
PP Defense
1 - 63% - 60% - 3:46
2 - 37% - 40% - 2:11
PK Forward
1 - 85% - 60% - 1:41
2 - 15% - 40% - 0:18
PK Defense
1 - 74% - 60% - 1:28
2 - 26% - 40% - 0:31
PK3 Forward
1 - 0% - 60%
2 - 0% - 40%
PK3 Defense
1 - 0% - 60%
2 - 0% - 40%
44 Forward
1 - 0% - 60%
2 - 0% - 40%
44 Defense
1 - 0% - 60%
2 - 0% - 40%
Last Minute Offensive - 0:00
Last Minute Defensive - 0:00
Total
Forward - 60:00
Defense - 60:00
|
% Time on Ice - Jets
Lines # - Real PCT - Wanted PCT - Time Play
Normal Forward
1 - 38% - 40% - 19:33
2 - 25% - 30% - 12:57
3 - 26% - 20% - 13:40
4 - 11% - 10% - 5:54
Normal Defense
1 - 38% - 40% - 19:56
2 - 21% - 30% - 10:50
3 - 23% - 20% - 11:55
4 - 18% - 10% - 9:23
PP Forward
1 - 60% - 60% - 1:11
2 - 40% - 40% - 0:48
PP Defense
1 - 71% - 60% - 1:25
2 - 29% - 40% - 0:34
PK Forward
1 - 92% - 60% - 5:30
2 - 8% - 40% - 0:27
PK Defense
1 - 80% - 60% - 4:44
2 - 20% - 40% - 1:13
PK3 Forward
1 - 0% - 60%
2 - 0% - 40%
PK3 Defense
1 - 0% - 60%
2 - 0% - 40%
44 Forward
1 - 0% - 60%
2 - 0% - 40%
44 Defense
1 - 0% - 60%
2 - 0% - 40%
Last Minute Offensive - 0:00
Last Minute Defensive - 0:00
Total
Forward - 60:00
Defense - 60:00
|
Play by Play
1st period
0:01 of 1st period - Marc Savard wins face-off versus Derek Stepan in neutral zone.
0:08 of 1st period - Slapshot by Fedor Tyutin.
0:08 of 1st period - Shot Misses the Net.
0:15 of 1st period - Off-side.
0:16 of 1st period - Derek Roy wins face-off versus David Legwand in neutral zone.
0:21 of 1st period - Wrist shot by Benoit Pouliot.
0:21 of 1st period - Shot Misses the Net.
1:29 of 1st period - Wrist shot by Marc Savard.
1:29 of 1st period - Stopped by Kari Lehtonen without a rebound.
1:30 of 1st period - Derek Roy wins face-off versus Mike Fisher in Jets zone.
1:39 of 1st period - Snap shot by Benoit Pouliot.
1:39 of 1st period - Shot Misses the Net.
2:04 of 1st period - David Legwand is hit by Marcus Johansson.
2:23 of 1st period - Simon Gagné is hit by Joe Colborne and loses puck.
3:23 of 1st period - Snap shot by Shea Weber.
3:23 of 1st period - Shot Misses the Net.
3:25 of 1st period - Snap shot by Anton Volchenkov.
3:25 of 1st period - Stopped by Jonathan Quick without a rebound.
3:26 of 1st period - Marc Savard wins face-off versus Derek Stepan in Nordiques zone.
3:31 of 1st period - Slapshot by Vladimir Tarasenko.
3:31 of 1st period - Shot Blocked by Anton Volchenkov.
3:33 of 1st period - Slapshot by Dustin Byfuglien.
3:33 of 1st period - Shot Misses the Net.
3:35 of 1st period - Slapshot by Dustin Byfuglien.
3:35 of 1st period - Stopped by Kari Lehtonen without a rebound.
3:36 of 1st period - Derek Stepan wins face-off versus Vladimir Tarasenko in Jets zone.
4:02 of 1st period - Snap shot by Simon Gagné.
4:02 of 1st period - Stopped by Kari Lehtonen without a rebound.
4:03 of 1st period - Derek Roy wins face-off versus David Legwand in Jets zone.
4:16 of 1st period - Wrist shot by David Legwand.
4:16 of 1st period - Stopped by Kari Lehtonen with a rebound.
4:18 of 1st period - Snap shot by David Legwand.
4:18 of 1st period - Shot Misses the Net.
4:55 of 1st period - Derek Stepan is hit by Marc Savard and loses puck.
5:14 of 1st period - Slapshot by Michael Ryder.
5:14 of 1st period - Shot Misses the Net.
5:29 of 1st period - Icing by Dustin Byfuglien.
5:30 of 1st period - David Legwand wins face-off versus Joe Colborne in Nordiques zone.
5:51 of 1st period - Slapshot by Erik Haula.
5:51 of 1st period - Shot Hit the Post.
5:55 of 1st period - Snap shot by Marco Scandella.
5:55 of 1st period - Stopped by Jonathan Quick with a rebound.
5:57 of 1st period - Slapshot by Marco Scandella.
5:57 of 1st period - Shot Blocked by Matt Irwin.
6:25 of 1st period - Anton Volchenkov is hit by Dustin Byfuglien and loses puck.
6:34 of 1st period - David Legwand is hit by Joe Colborne and loses puck.
8:00 of 1st period - Snap shot by Lee Stempniak.
8:00 of 1st period - Shot Misses the Net.
8:02 of 1st period - Snap shot by Marco Scandella.
8:02 of 1st period - Stopped by Jonathan Quick without a rebound.
8:03 of 1st period - Marc Savard wins face-off versus Derek Roy in Nordiques zone.
8:29 of 1st period - Tyler Myers is hit by Chris Drury and loses puck.
8:54 of 1st period - Snap shot by Michael Ryder.
8:54 of 1st period - Stopped by Kari Lehtonen with a rebound.
8:56 of 1st period - Wrist shot by Mike Fisher.
8:56 of 1st period - Shot Misses the Net.
8:58 of 1st period - Slapshot by Ryan Ellis.
8:58 of 1st period - Stopped by Kari Lehtonen with a rebound.
9:12 of 1st period - Simon Gagné is hit by Tyler Myers and loses puck.
10:10 of 1st period - Slapshot by Fedor Tyutin.
10:10 of 1st period - Deflect By Mike Fisher.
10:10 of 1st period - Goal by Mike Fisher - Nordiques : 1 - Jets : 0.
10:11 of 1st period - Chris Drury wins face-off versus Derek Stepan in neutral zone.
10:20 of 1st period - Snap shot by Chris Drury.
10:20 of 1st period - Deflect By Martin St. Louis.
10:20 of 1st period - Shot Blocked by Marcus Johansson.
10:20 of 1st period - Puck is out of play.
10:21 of 1st period - Chris Drury wins face-off versus Derek Stepan in Jets zone.
10:24 of 1st period - Slapshot by Chris Drury.
10:24 of 1st period - Stopped by Kari Lehtonen without a rebound.
10:25 of 1st period - Vladimir Tarasenko wins face-off versus Derek Stepan in Jets zone.
10:26 of 1st period - Snap shot by Marc Savard.
10:26 of 1st period - Shot Blocked by Tyler Myers.
10:28 of 1st period - Snap shot by Simon Gagné.
10:28 of 1st period - Goal by Simon Gagné - Nordiques : 2 - Jets : 0.
10:29 of 1st period - Derek Roy wins face-off versus Marc Savard in neutral zone.
10:51 of 1st period - Minor Penalty to Dustin Brown for Hooking.
10:52 of 1st period - Joe Colborne wins face-off versus Vladimir Tarasenko in Jets zone.
12:51 of 1st period - Penalty to Dustin Brown is over, Dustin Brown is back on ice.
13:29 of 1st period - Wrist shot by Derek Stepan.
13:29 of 1st period - Stopped by Jonathan Quick without a rebound.
13:30 of 1st period - Mike Fisher wins face-off versus Derek Stepan in Nordiques zone.
13:37 of 1st period - Jacob Trouba is hit by Michael Ryder and loses puck.
13:58 of 1st period - Eric Gelinas is hit by Fedor Tyutin and loses puck.
14:09 of 1st period - Fedor Tyutin is hit by Eric Gelinas and loses puck.
14:16 of 1st period - Wrist shot by Derek Stepan.
14:16 of 1st period - Shot Blocked by Fedor Tyutin.
14:18 of 1st period - Slapshot by Eric Gelinas.
14:18 of 1st period - Shot Blocked by Ryan Ellis.
14:20 of 1st period - Snap shot by Marcus Johansson.
14:20 of 1st period - Stopped by Jonathan Quick with a rebound.
14:50 of 1st period - Mike Fisher is hit by Marcus Johansson.
15:16 of 1st period - Slapshot by Derek Stepan.
15:16 of 1st period - Stopped by Jonathan Quick with a rebound.
15:18 of 1st period - Slapshot by Jacob Trouba.
15:18 of 1st period - Deflect By Derek Stepan.
15:18 of 1st period - Shot Blocked by Fedor Tyutin.
15:18 of 1st period - Puck is out of play.
15:19 of 1st period - Marc Savard wins face-off versus Derek Roy in Nordiques zone.
15:28 of 1st period - Snap shot by Mark Eaton.
15:28 of 1st period - Stopped by Kari Lehtonen without a rebound.
15:29 of 1st period - Marc Savard wins face-off versus Derek Roy in Jets zone.
15:30 of 1st period - Slapshot by Vladimir Tarasenko.
15:30 of 1st period - Stopped by Kari Lehtonen with a rebound.
15:42 of 1st period - Slapshot by Benoit Pouliot.
15:42 of 1st period - Shot Blocked by Marc Savard.
15:44 of 1st period - Wrist shot by Derek Roy.
15:44 of 1st period - Shot Blocked by T.J. Fast.
15:46 of 1st period - Slapshot by Tyler Myers.
15:46 of 1st period - Goal by Tyler Myers - Nordiques : 2 - Jets : 1.
15:47 of 1st period - Derek Roy wins face-off versus Marc Savard in neutral zone.
16:23 of 1st period - R.J. Umberger is hit by Dustin Brown and loses puck.
16:48 of 1st period - Wrist shot by Martin St. Louis.
16:48 of 1st period - Stopped by Kari Lehtonen with a rebound.
17:05 of 1st period - Snap shot by Simon Gagné.
17:05 of 1st period - Stopped by Kari Lehtonen with a rebound.
17:07 of 1st period - Slapshot by Simon Gagné.
17:07 of 1st period - Stopped by Kari Lehtonen with a rebound.
17:48 of 1st period - Marcus Johansson is hit by Chris Drury and loses puck.
Goals for this period are 2 for Nordiques vs 1 for Jets.
Shots for this period are 14 for Nordiques vs 7 for Jets.
2nd period
0:01 of 2nd period - Derek Stepan wins face-off versus Marc Savard in neutral zone.
0:12 of 2nd period - Snap shot by Devin Setoguchi.
0:12 of 2nd period - Stopped by Jonathan Quick without a rebound.
0:13 of 2nd period - Derek Stepan wins face-off versus Marc Savard in Nordiques zone.
0:51 of 2nd period - Derek Roy is hit by Fedor Tyutin and loses puck.
1:07 of 2nd period - Marco Scandella is hit by David Legwand and loses puck.
1:22 of 2nd period - Simon Gagné is hit by Devin Setoguchi and loses puck.
2:11 of 2nd period - Mark Eaton is hit by Benoit Pouliot and loses puck.
2:24 of 2nd period - Snap shot by Shea Weber.
2:24 of 2nd period - Shot Blocked by Ryan Ellis.
2:32 of 2nd period - Wrist shot by David Legwand.
2:32 of 2nd period - Shot Blocked by Tyler Myers.
2:32 of 2nd period - Tyler Myers from Jets is injured at 2:32 of 2nd period (Broken Bone (Left Leg)).
2:33 of 2nd period - Derek Stepan wins face-off versus Marc Savard in Jets zone.
2:37 of 2nd period - Off-side.
2:38 of 2nd period - Derek Stepan wins face-off versus Marc Savard in neutral zone.
3:10 of 2nd period - Snap shot by Benoit Pouliot.
3:10 of 2nd period - Stopped by Jonathan Quick without a rebound.
3:11 of 2nd period - Derek Roy wins face-off versus David Legwand in Nordiques zone.
3:12 of 2nd period - Slapshot by Benoit Pouliot.
3:12 of 2nd period - Shot Misses the Net.
3:20 of 2nd period - Slapshot by T.J. Fast.
3:20 of 2nd period - Deflect By R.J. Umberger.
3:20 of 2nd period - Shot Blocked by Dustin Brown.
3:20 of 2nd period - Puck is out of play.
3:21 of 2nd period - Marc Savard wins face-off versus Derek Roy in Jets zone.
3:26 of 2nd period - Snap shot by Vladimir Tarasenko.
3:26 of 2nd period - Stopped by Kari Lehtonen without a rebound.
3:27 of 2nd period - Marc Savard wins face-off versus Derek Stepan in Jets zone.
3:30 of 2nd period - Slapshot by Simon Gagné.
3:30 of 2nd period - Deflect By Vladimir Tarasenko.
3:30 of 2nd period - Stopped by Kari Lehtonen without a rebound.
3:31 of 2nd period - Derek Stepan wins face-off versus Marc Savard in Jets zone.
3:36 of 2nd period - Slapshot by Shea Weber.
3:36 of 2nd period - Shot Misses the Net.
3:38 of 2nd period - Slapshot by Shea Weber.
3:38 of 2nd period - Deflect By Simon Gagné.
3:38 of 2nd period - Goal by Shea Weber - Nordiques : 2 - Jets : 2.
3:39 of 2nd period - Marc Savard wins face-off versus Derek Stepan in neutral zone.
3:48 of 2nd period - Snap shot by Vladimir Tarasenko.
3:48 of 2nd period - Stopped by Kari Lehtonen without a rebound.
3:49 of 2nd period - Derek Stepan wins face-off versus Simon Gagné in Jets zone.
3:58 of 2nd period - Wrist shot by Marcus Johansson.
3:58 of 2nd period - Stopped by Jonathan Quick with a rebound.
4:00 of 2nd period - Wrist shot by Marcus Johansson.
4:00 of 2nd period - Shot Misses the Net.
4:08 of 2nd period - Snap shot by Derek Stepan.
4:08 of 2nd period - Shot Misses the Net.
4:30 of 2nd period - Slapshot by Devin Setoguchi.
4:30 of 2nd period - Shot Misses the Net.
4:32 of 2nd period - Wrist shot by Devin Setoguchi.
4:32 of 2nd period - Stopped by Jonathan Quick without a rebound.
4:33 of 2nd period - Derek Roy wins face-off versus David Legwand in Nordiques zone.
4:46 of 2nd period - Wrist shot by Benoit Pouliot.
4:46 of 2nd period - Goal by Benoit Pouliot - Nordiques : 2 - Jets : 3.
4:47 of 2nd period - Derek Stepan wins face-off versus Marc Savard in neutral zone.
4:56 of 2nd period - Snap shot by Simon Gagné.
4:56 of 2nd period - Stopped by Kari Lehtonen without a rebound.
4:57 of 2nd period - Derek Stepan wins face-off versus Marc Savard in Jets zone.
5:02 of 2nd period - Slapshot by Shea Weber.
5:02 of 2nd period - Stopped by Jonathan Quick without a rebound.
5:03 of 2nd period - Marc Savard wins face-off versus Derek Roy in Nordiques zone.
5:43 of 2nd period - R.J. Umberger is hit by Devin Setoguchi and loses puck.
6:23 of 2nd period - Snap shot by Derek Roy.
6:23 of 2nd period - Deflect By Josh Bailey.
6:23 of 2nd period - Stopped by Jonathan Quick with a rebound.
7:44 of 2nd period - Snap shot by Kyle Calder.
7:44 of 2nd period - Stopped by Kari Lehtonen with a rebound.
7:46 of 2nd period - Snap shot by Kyle Calder.
7:46 of 2nd period - Stopped by Kari Lehtonen with a rebound.
7:48 of 2nd period - Slapshot by Kyle Calder.
7:48 of 2nd period - Shot Misses the Net.
8:00 of 2nd period - Vladimir Tarasenko is hit by Derek Stepan.
8:11 of 2nd period - Vladimir Tarasenko is hit by Marcus Johansson and loses puck.
8:22 of 2nd period - Mark Eaton is hit by Tomas Kundratek.
8:35 of 2nd period - Slapshot by Marc Savard.
8:35 of 2nd period - Stopped by Kari Lehtonen without a rebound.
8:36 of 2nd period - Devin Setoguchi wins face-off versus David Legwand in Jets zone.
9:32 of 2nd period - Slapshot by Ryan Ellis.
9:32 of 2nd period - Deflect By Chris Drury.
9:32 of 2nd period - Stopped by Kari Lehtonen without a rebound.
9:33 of 2nd period - Derek Stepan wins face-off versus Marc Savard in Jets zone.
9:40 of 2nd period - Snap shot by Derek Stepan.
9:40 of 2nd period - Deflect By Devin Setoguchi.
9:40 of 2nd period - Stopped by Jonathan Quick without a rebound.
9:41 of 2nd period - Marc Savard wins face-off versus Derek Roy in Nordiques zone.
9:49 of 2nd period - Slapshot by Dustin Brown.
9:49 of 2nd period - Goal by Dustin Brown - Nordiques : 2 - Jets : 4.
9:50 of 2nd period - Marc Savard wins face-off versus Derek Roy in neutral zone.
10:20 of 2nd period - Wrist shot by Derek Stepan.
10:20 of 2nd period - Shot Misses the Net.
10:38 of 2nd period - Wrist shot by Joe Colborne.
10:38 of 2nd period - Stopped by Jonathan Quick without a rebound.
10:39 of 2nd period - Joe Colborne wins face-off versus Chris Drury in Nordiques zone.
11:02 of 2nd period - Slapshot by Lee Stempniak.
11:02 of 2nd period - Stopped by Jonathan Quick without a rebound.
11:03 of 2nd period - Marc Savard wins face-off versus Derek Stepan in Nordiques zone.
11:03 of 2nd period - Marc Savard is hit by Marcus Johansson.
11:11 of 2nd period - Slapshot by Vladimir Tarasenko.
11:11 of 2nd period - Shot Misses the Net.
11:13 of 2nd period - Snap shot by Mark Eaton.
11:13 of 2nd period - Shot Misses the Net.
11:15 of 2nd period - Backhand shot by Mark Eaton.
11:15 of 2nd period - Shot Blocked by Marco Scandella.
11:17 of 2nd period - Slapshot by Mark Eaton.
11:17 of 2nd period - Stopped by Kari Lehtonen with a rebound.
11:42 of 2nd period - Slapshot by Dustin Brown.
11:42 of 2nd period - Stopped by Jonathan Quick without a rebound.
11:43 of 2nd period - Marc Savard wins face-off versus Joe Colborne in Nordiques zone.
11:58 of 2nd period - Slapshot by Lee Stempniak.
11:58 of 2nd period - Shot Blocked by Marc Savard.
12:00 of 2nd period - Slapshot by Tomas Kundratek.
12:00 of 2nd period - Stopped by Jonathan Quick with a rebound.
12:15 of 2nd period - David Legwand is hit by Marcus Johansson and loses puck.
13:25 of 2nd period - Icing by Marc Savard.
13:26 of 2nd period - Fredrik Sjostrom wins face-off versus Marc Savard in Nordiques zone.
13:27 of 2nd period - Wrist shot by Derek Roy.
13:27 of 2nd period - Shot Blocked by Dustin Byfuglien.
13:57 of 2nd period - Wrist shot by Joe Colborne.
13:57 of 2nd period - Stopped by Jonathan Quick with a rebound.
13:59 of 2nd period - Slapshot by Lee Stempniak.
13:59 of 2nd period - Stopped by Jonathan Quick with a rebound.
14:01 of 2nd period - Snap shot by Anton Volchenkov.
14:01 of 2nd period - Stopped by Jonathan Quick with a rebound.
14:03 of 2nd period - Slapshot by Tomas Kundratek.
14:03 of 2nd period - Deflect By Vladimir Tarasenko.
14:03 of 2nd period - Stopped by Jonathan Quick with a rebound.
14:05 of 2nd period - Snap shot by Joe Colborne.
14:05 of 2nd period - Stopped by Jonathan Quick without a rebound.
14:06 of 2nd period - David Legwand wins face-off versus Derek Stepan in Nordiques zone.
14:19 of 2nd period - Snap shot by David Legwand.
14:19 of 2nd period - Stopped by Kari Lehtonen with a rebound.
14:21 of 2nd period - Snap shot by Jean-Pierre Dumont.
14:21 of 2nd period - Stopped by Kari Lehtonen with a rebound.
14:31 of 2nd period - Shea Weber is hit by Fedor Tyutin and loses puck.
14:48 of 2nd period - Wrist shot by Marcus Johansson.
14:48 of 2nd period - Shot Blocked by Fedor Tyutin.
14:50 of 2nd period - Wrist shot by Derek Stepan.
14:50 of 2nd period - Stopped by Jonathan Quick with a rebound.
14:52 of 2nd period - Slapshot by Eric Gelinas.
14:52 of 2nd period - Shot Misses the Net.
14:54 of 2nd period - Slapshot by Eric Gelinas.
14:54 of 2nd period - Stopped by Jonathan Quick with a rebound.
14:56 of 2nd period - Snap shot by Derek Stepan.
14:56 of 2nd period - Shot Blocked by Kyle Calder.
14:58 of 2nd period - Wrist shot by Tomas Kundratek.
14:58 of 2nd period - Stopped by Jonathan Quick with a rebound.
15:00 of 2nd period - Wrist shot by Derek Stepan.
15:00 of 2nd period - Shot Blocked by Fedor Tyutin.
15:02 of 2nd period - Snap shot by Marcus Johansson.
15:02 of 2nd period - Shot Misses the Net.
15:04 of 2nd period - Snap shot by Derek Stepan.
15:04 of 2nd period - Stopped by Jonathan Quick without a rebound.
15:05 of 2nd period - Marc Savard wins face-off versus Derek Roy in Nordiques zone.
15:12 of 2nd period - Tomas Kundratek is hit by Simon Gagné and loses puck.
16:36 of 2nd period - Wrist shot by Lee Stempniak.
16:36 of 2nd period - Stopped by Jonathan Quick with a rebound.
16:48 of 2nd period - Snap shot by Mike Fisher.
16:48 of 2nd period - Shot Misses the Net.
17:10 of 2nd period - Snap shot by Mark Eaton.
17:10 of 2nd period - Stopped by Kari Lehtonen with a rebound.
17:12 of 2nd period - Slapshot by Chris Drury.
17:12 of 2nd period - Stopped by Kari Lehtonen with a rebound.
17:29 of 2nd period - Devin Setoguchi is hit by T.J. Fast and loses puck.
17:58 of 2nd period - Wrist shot by David Legwand.
17:58 of 2nd period - Stopped by Kari Lehtonen with a rebound.
18:00 of 2nd period - Wrist shot by R.J. Umberger.
18:00 of 2nd period - Shot Blocked by Anton Volchenkov.
18:02 of 2nd period - Snap shot by R.J. Umberger.
18:02 of 2nd period - Stopped by Kari Lehtonen without a rebound.
18:03 of 2nd period - David Legwand wins face-off versus Derek Roy in Jets zone.
18:46 of 2nd period - Wrist shot by Chris Drury.
18:46 of 2nd period - Shot Misses the Net.
18:48 of 2nd period - Slapshot by Chris Drury.
18:48 of 2nd period - Shot Misses the Net.
19:02 of 2nd period - Wrist shot by Benoit Pouliot.
19:02 of 2nd period - Goal by Benoit Pouliot - Nordiques : 2 - Jets : 5.
19:03 of 2nd period - Marc Savard wins face-off versus Derek Roy in neutral zone.
19:24 of 2nd period - Minor Penalty to Marco Scandella for Boarding.
19:25 of 2nd period - Joe Colborne wins face-off versus Simon Gagné in Jets zone.
19:30 of 2nd period - Slapshot by Shea Weber.
19:30 of 2nd period - Stopped by Jonathan Quick with a rebound.
Goals for this period are 0 for Nordiques vs 4 for Jets.
Shots for this period are 15 for Nordiques vs 26 for Jets.
3rd period
0:01 of 3rd period - Marc Savard wins face-off versus Joe Colborne in neutral zone.
1:24 of 3rd period - Penalty to Marco Scandella is over, Marco Scandella is back on ice.
2:04 of 3rd period - Fedor Tyutin is hit by Marcus Johansson and loses puck.
2:17 of 3rd period - Slapshot by Ryan Ellis.
2:17 of 3rd period - Shot Blocked by Dustin Brown.
2:19 of 3rd period - Slapshot by Jean-Pierre Dumont.
2:19 of 3rd period - Shot Misses the Net.
2:21 of 3rd period - Snap shot by Jean-Pierre Dumont.
2:21 of 3rd period - Stopped by Kari Lehtonen without a rebound.
2:22 of 3rd period - David Legwand wins face-off versus Derek Stepan in Jets zone.
2:43 of 3rd period - Benoit Pouliot is hit by T.J. Fast and loses puck.
2:56 of 3rd period - Wrist shot by R.J. Umberger.
2:56 of 3rd period - Shot Misses the Net.
2:58 of 3rd period - Snap shot by David Legwand.
2:58 of 3rd period - Shot Blocked by Marco Scandella.
3:00 of 3rd period - Wrist shot by Dustin Byfuglien.
3:00 of 3rd period - Stopped by Kari Lehtonen with a rebound.
3:02 of 3rd period - Slapshot by David Legwand.
3:02 of 3rd period - Stopped by Kari Lehtonen without a rebound.
3:03 of 3rd period - Marc Savard wins face-off versus Derek Stepan in Jets zone.
3:12 of 3rd period - Snap shot by Devin Setoguchi.
3:12 of 3rd period - Stopped by Jonathan Quick with a rebound.
3:14 of 3rd period - Slapshot by Shea Weber.
3:14 of 3rd period - Shot Blocked by Simon Gagné.
3:30 of 3rd period - Joe Colborne is hit by Kyle Calder.
3:34 of 3rd period - Shea Weber is hit by Dustin Byfuglien and loses puck.
3:52 of 3rd period - Off-side.
3:53 of 3rd period - Chris Drury wins face-off versus Derek Roy in neutral zone.
4:04 of 3rd period - Slapshot by Eric Gelinas.
4:04 of 3rd period - Shot Misses the Net.
4:50 of 3rd period - Snap shot by Vladimir Tarasenko.
4:50 of 3rd period - Goal by Vladimir Tarasenko - Nordiques : 3 - Jets : 5.
4:51 of 3rd period - David Legwand wins face-off versus Derek Stepan in neutral zone.
5:12 of 3rd period - Minor Penalty to Derek Stepan for High sticking.
5:13 of 3rd period - Marc Savard wins face-off versus Joe Colborne in Jets zone.
6:08 of 3rd period - Mark Eaton is hit by Erik Haula and loses puck.
7:12 of 3rd period - Penalty to Derek Stepan is over, Derek Stepan is back on ice.
7:13 of 3rd period - Anton Volchenkov is hit by David Legwand and loses puck.
8:08 of 3rd period - Mark Eaton is hit by Lee Stempniak.
8:23 of 3rd period - Slapshot by Shea Weber.
8:23 of 3rd period - Shot Blocked by Chris Drury.
8:25 of 3rd period - Wrist shot by Benoit Pouliot.
8:25 of 3rd period - Shot Misses the Net.
9:28 of 3rd period - Derek Stepan is hit by Matt Irwin and loses puck.
9:58 of 3rd period - Shea Weber is hit by Michael Ryder and loses puck.
11:40 of 3rd period - Josh Bailey is hit by David Legwand and loses puck.
11:45 of 3rd period - Wrist shot by David Legwand.
11:45 of 3rd period - Shot Blocked by Derek Roy.
11:47 of 3rd period - Slapshot by T.J. Fast.
11:47 of 3rd period - Shot Misses the Net.
11:49 of 3rd period - Snap shot by R.J. Umberger.
11:49 of 3rd period - Stopped by Kari Lehtonen without a rebound.
11:50 of 3rd period - Chris Drury wins face-off versus Joe Colborne in Jets zone.
12:18 of 3rd period - Wrist shot by David Legwand.
12:18 of 3rd period - Stopped by Kari Lehtonen with a rebound.
12:20 of 3rd period - Slapshot by Dustin Byfuglien.
12:20 of 3rd period - Stopped by Kari Lehtonen with a rebound.
12:22 of 3rd period - Slapshot by Dustin Byfuglien.
12:22 of 3rd period - Shot Blocked by Marcus Johansson.
12:24 of 3rd period - Snap shot by David Legwand.
12:24 of 3rd period - Deflect By Jean-Pierre Dumont.
12:24 of 3rd period - Stopped by Kari Lehtonen without a rebound.
12:25 of 3rd period - Derek Roy wins face-off versus Vladimir Tarasenko in Jets zone.
13:18 of 3rd period - Snap shot by Simon Gagné.
13:18 of 3rd period - Shot Misses the Net.
13:52 of 3rd period - Wrist shot by Erik Haula.
13:52 of 3rd period - Stopped by Jonathan Quick with a rebound.
13:58 of 3rd period - Wrist shot by Joe Colborne.
13:58 of 3rd period - Shot Blocked by Fedor Tyutin.
14:44 of 3rd period - Wrist shot by Erik Haula.
14:44 of 3rd period - Stopped by Jonathan Quick without a rebound.
14:45 of 3rd period - David Legwand wins face-off versus Derek Stepan in Nordiques zone.
15:10 of 3rd period - Matt Moulson is hit by Derek Roy and loses puck.
15:16 of 3rd period - Icing by Mark Eaton.
15:17 of 3rd period - Derek Roy wins face-off versus Chris Drury in Nordiques zone.
15:24 of 3rd period - Wrist shot by Benoit Pouliot.
15:24 of 3rd period - Stopped by Jonathan Quick without a rebound.
15:25 of 3rd period - Derek Stepan wins face-off versus Chris Drury in Nordiques zone.
15:38 of 3rd period - Snap shot by Matt Moulson.
15:38 of 3rd period - Stopped by Kari Lehtonen with a rebound.
15:41 of 3rd period - Icing by Devin Setoguchi.
15:42 of 3rd period - Derek Stepan wins face-off versus David Legwand in Jets zone.
15:53 of 3rd period - Wrist shot by Marcus Johansson.
15:53 of 3rd period - Stopped by Jonathan Quick with a rebound.
16:34 of 3rd period - Snap shot by Derek Stepan.
16:34 of 3rd period - Stopped by Jonathan Quick without a rebound.
16:35 of 3rd period - Chris Drury wins face-off versus Derek Roy in Nordiques zone.
16:35 of 3rd period - Chris Drury is hit by Derek Roy.
16:56 of 3rd period - Minor Penalty to Ryan Ellis for Tripping.
16:57 of 3rd period - Marc Savard wins face-off versus Derek Stepan in Nordiques zone.
17:04 of 3rd period - Snap shot by Fedor Tyutin.
17:04 of 3rd period - Deflect By Marc Savard.
17:04 of 3rd period - Shot Blocked by Shea Weber.
17:04 of 3rd period - Puck is out of play.
17:05 of 3rd period - Marc Savard wins face-off versus Derek Stepan in Jets zone.
17:36 of 3rd period - Slapshot by Shea Weber.
17:36 of 3rd period - Stopped by Jonathan Quick without a rebound.
17:37 of 3rd period - Marc Savard wins face-off versus Devin Setoguchi in Nordiques zone.
17:42 of 3rd period - Benoit Pouliot is hit by Fedor Tyutin and loses puck.
17:49 of 3rd period - Fedor Tyutin is hit by Devin Setoguchi and loses puck.
18:56 of 3rd period - Penalty to Ryan Ellis is over, Ryan Ellis is back on ice.
Goals for this period are 1 for Nordiques vs 0 for Jets.
Shots for this period are 9 for Nordiques vs 7 for Jets.
Back to the Top